 Dungeon Crawl Stone Soup version 0.28-b1-25-g9875b3fc8c (webtiles) character file.

Game seed: 14430294607076284581

1644859 Jazqba the Impregnable (level 27, 254/254 HPs)
             Began as a Hill Orc Wanderer on Feb 7, 2022.
             Was the Champion of Okawaru.
             Escaped with the Orb
             ... and 3 runes!
             The game lasted 02:06:00 (74725 turns).

Jazqba the Impregnable (Hill Orc Wanderer)         Turns: 74725, Time: 02:06:01

Health: 254/254    AC: 44    Str: 34    XL:     27
Magic:  36/36      EV: 22    Int: 10    God:    Okawaru [******]
Gold:   2550       SH:  0    Dex: 16    Spells: 26/26 levels left

rFire   + + .      SeeInvis +   a - +9 executioner's axe (vamp)
rCold   + . .      Faith    .   (shield currently unavailable)
rNeg    + . .      Spirit   .   W - +5 plate armour {Will+}
rPois   +          Reflect  .   t - +2 helmet "Suargh" {rCorr}
rElec   .          Harm     .   H - +4 dragonskin cloak
rCorr   +          Rampage  .   O - +2 pair of gloves of the Purple Skies {rC+ Str+4 SInv Stlth+}
Will    +++..                   c - +2 pair of boots
Stlth   ..........              r - amulet of regeneration
HPRegen 1.32/turn               w - ring of Umem {rF+ EV+4 Dex+7}
MPRegen 0.25/turn               x - ring of positive energy

@: no status effects
A: talons 1, deterioration 1, fire resistance 1, sense surroundings 1, poison
resistance, screaming 1, weak 1
0: Orb of Zot
}: 3/15 runes: serpentine, barnacled, silver
a: Renounce Religion, Heroism, Finesse, Duel


You escaped.
You worshipped Okawaru.
Okawaru was exalted by your worship.
You visited 9 branches of the dungeon, and saw 48 of its levels.
You visited the Abyss 1 time.
You visited 1 bazaar.
You also visited: Trove, Bailey and Wizlab.

You collected 8915 gold pieces.
You spent 6365 gold pieces at shops.

Inventory:

Hand Weapons
 a - a +9 vampiric executioner's axe (weapon)
 b - the +8 storm bow {elec, penet}
   (You found it on level 9 of the Dungeon)

   Any ammunition fired from it occasionally discharges a powerful burst of
   electricity upon striking a foe.
   Any ammunition fired by it passes through the targets it hits, potentially
   hitting all targets in its path until it reaches maximum range.
Missiles
 e - 13 throwing nets (quivered)
 m - 1845 arrows
Armour
 c - a +2 pair of boots (worn)
 t - the +2 helmet "Suargh" (worn) {rCorr}
   (You bought it in a shop on level 2 of the Shoals)

   rCorr:     It protects you from acid and corrosion.
 H - the +4 dragonskin cloak (worn)
   (You took it off Tiamat on level 4 of the Realm of Zot)

   It grants the wearer a chance to resist fire, cold, poison, electricity,
   acid, and negative energy.
 J - the +6 crystal plate armour of the Desert {rElec Str-3 SInv}
   (Okawaru gifted it to you on level 3 of the Lair of Beasts)

   Str:       It affects your strength (-3).
   rElec:     It insulates you from electricity.
   SInv:      It lets you see invisible.
 O - the +2 pair of gloves of the Purple Skies (worn) {rC+ Str+4 SInv Stlth+}
   (You found it on level 2 of the Lair of Beasts)

   Str:       It affects your strength (+4).
   rC:        It protects you from cold.
   SInv:      It lets you see invisible.
   Stlth:     It makes you more stealthy.
 W - a +5 plate armour of willpower (worn)
Jewellery
 l - the ring "Lagivac" {Wiz rElec rPois rF+ rC+}
   (You bought it in a shop on level 8 of the Dungeon)

   [ring of wizardry]

   It improves your spell success rate.
   rF:        It protects you from fire.
   rC:        It protects you from cold.
   rElec:     It insulates you from electricity.
   rPois:     It protects you from poison.
 r - an amulet of regeneration (around neck)
 w - the ring of Umem (left hand) {rF+ EV+4 Dex+7}
   (You bought it in a shop on level 8 of the Dungeon)

   [ring of evasion]

   EV:        It affects your evasion (+4).
   Dex:       It affects your dexterity (+7).
   rF:        It protects you from fire.
 x - a ring of positive energy (right hand)
 Z - the ring "Bimyal Ewuecw" {rF+ Will+}
   (You bought it in a shop on level 13 of the Dungeon)

   [ring of protection from fire]

   rF:        It protects you from fire.
   Will:      It increases your willpower.
Wands
 h - a wand of iceblast (43)
 n - a wand of flame (136)
 q - a wand of polymorph (31)
 v - a wand of mindburst (12)
 y - a wand of digging (10)
 G - a wand of acid (21)
 K - a wand of paralysis (20)
Scrolls
 d - 4 scrolls of fog
 g - 13 scrolls of teleportation
 i - 10 scrolls of fear
 j - 5 scrolls of blinking
 L - 3 scrolls of amnesia
 N - 3 scrolls of silence
 P - 2 scrolls of holy word
 R - 12 scrolls of immolation
 V - 2 scrolls of magic mapping
Potions
 f - 22 potions of curing
 s - 17 potions of lignification
 u - 5 potions of invisibility
 z - 7 potions of attraction
 A - 9 potions of heal wounds
 B - 8 potions of might
 C - 3 potions of cancellation
 D - 5 potions of magic
 E - 7 potions of mutation
 F - 2 potions of berserk rage
 M - 4 potions of haste
 T - a potion of ambrosia
 U - 2 potions of flight
Miscellaneous
 k - a phial of floods
 Q - a condenser vane
 S - a tin of tremorstones (2/2)


   Skills:
 - Level 22.0 Fighting
 - Level 24.0 Axes
 - Level 20.0 Bows
 - Level 4.0 Throwing
 + Level 24.9 Armour
 + Level 17.6 Dodging
 - Level 7.0 Shields
 + Level 19.9 Invocations
 + Level 15.1 Evocations


You had 26 spell levels left.
You didn't know any spells.
Your spell library contained the following spells:

 Spells                   Type           Power      Damage    Failure   Level
 Apportation              Tloc           0%         N/A       71%         1
 Beastly Appendage        Tmut           0%         N/A       71%         1
 Foxfire                  Conj/Fire      0%         2x1d4     71%         1
 Magic Dart               Conj           0%         1d3       71%         1
 Pain                     Necr           0%         1d4       71%         1
 Sting                    Tmut/Pois      0%         1d3       71%         1
 Corpse Rot               Necr/Air       0%         N/A       83%         2
 Ensorcelled Hibernation  Hex/Ice        0%         N/A       83%         2
 Poisonous Vapours        Pois/Air       0%         N/A       83%         2
 Static Discharge         Conj/Air       0%         N/A       83%         2
 Sublimation of Blood     Necr           0%         N/A       83%         2
 Wereblood                Tmut           0%         N/A       83%         2
 Conjure Flame            Conj/Fire      0%         6-21      97%         3
 Frozen Ramparts          Ice            0%         1d2       97%         3
 Gell's Gravitas          Tloc           0%         N/A       97%         3
 Ignite Poison            Fire/Tmut/Pois 0%         N/A       97%         3
 Inner Flame              Hex/Fire       0%         N/A       97%         3
 Mephitic Cloud           Conj/Pois/Air  0%         N/A       97%         3
 Ozocubu's Armour         Ice            0%         N/A       97%         3
 Portal Projectile        Hex/Tloc       0%         N/A       97%         3
 Spider Form              Tmut/Pois      0%         N/A       97%         3
 Stone Arrow              Conj/Erth      0%         3d7       97%         3
 Teleport Other           Tloc           0%         N/A       97%         3
 Vampiric Draining        Necr           0%         2d6       97%         3
 Anguish                  Hex/Necr       0%         N/A       100%        4
 Dispel Undead            Necr           0%         3d6       100%        4
 Flame Wave               Conj/Fire      0%         2d4       100%        4
 Fulminant Prism          Conj/Hex       0%         3d6       100%        4
 Ice Form                 Ice/Tmut       0%         N/A       100%        4
 Iskenderun's Mystic Bla  Conj/Tloc      0%         2d3       100%        4
 Leda's Liquefaction      Hex/Erth       0%         N/A       100%        4
 Passage of Golubria      Tloc           0%         N/A       100%        4
 Petrify                  Tmut/Erth      0%         N/A       100%        4
 Sticky Flame             Conj/Fire      0%         2d3       100%        4
 Alistair's Intoxication  Tmut/Pois      0%         N/A       100%        5
 Borgnjor's Vile Clutch   Necr/Erth      0%         N/A       100%        5
 Fireball                 Conj/Fire      0%         3d3       100%        5
 Freezing Cloud           Conj/Ice/Air   0%         6-21      100%        5
 Lee's Rapid Deconstruct  Erth           0%         3d5*      100%        5
 Metabolic Englaciation   Hex/Ice        0%         N/A       100%        5
 Yara's Violent Unravell  Hex/Tmut       0%         3d3       100%        5
 Conjure Ball Lightning   Conj/Air       0%         3x3d6     100%        6
 Dispersal                Tloc           0%         N/A       100%        6
 Eringya's Noxious Bog    Tmut/Pois      0%         N/A       100%        6
 Iron Shot                Conj/Erth      0%         9d1       100%        6
 Starburst                Conj/Fire      0%         6d3       100%        6
 Statue Form              Tmut/Erth      0%         N/A       100%        6
 Orb of Destruction       Conj           0%         9d5       100%        7
 Disjunction              Tloc           0%         N/A       100%        8
 Ignition                 Fire           0%         3d3       100%        8
 Lehudib's Crystal Spear  Conj/Erth      0%         10d2      100%        8
 Chain Lightning          Conj/Air       0%         N/A       100%        9
 Fire Storm               Conj/Fire      0%         5d1       100%        9
 Shatter                  Erth           0%         3d5*      100%        9
 Animate Skeleton         Necr           Unusable   N/A       N/A         1
 Call Canine Familiar     Summ           Unusable   N/A       N/A         3
 Summon Guardian Golem    Hex/Summ       Unusable   N/A       N/A         3
 Tukima's Dance           Hex            Unusable   N/A       N/A         3
 Animate Armour           Summ/Erth      Unusable   N/A       N/A         4
 Summon Ice Beast         Ice/Summ       Unusable   N/A       N/A         4
 Death Channel            Necr           Unusable   N/A       N/A         6
 Simulacrum               Ice/Necr       Unusable   N/A       N/A         6
 Spellforged Servitor     Conj/Summ      Unusable   N/A       N/A         7
 Summon Hydra             Summ           Unusable   N/A       N/A         7

Dungeon Overview and Level Annotations

Branches:
Dungeon (15/15)            Temple (0/1) D:4            Lair (6/6) D:8
 Shoals (4/4) Lair:4        Snake (4/4) Lair:4        Slime (0/5) Lair:5
    Orc (2/2) D:9             Elf (3/3) Orc:2        Vaults (5/5) D:13
  Crypt (0/3) Vaults:3     Depths (4/4) D:15            Zot (5/5) Depths:4
 Bailey (visited)          WizLab (visited)

Altars:
Ashenzari
Elyvilon
Gozag
Hepliaklqana
Kikubaaqudgha
Nemelex Xobeh
Okawaru
Qazlal
Ru
Trog
Uskayaw
Wu Jian
Xom
Yredelemnul
Zin
The Shining One
Lugonu

Shops:
D:8 ([[*=   D:11 [((:*:   D:13 **   Orc:2 ?[**   Elf:2 [*   Elf:3 !
Shoals:2 *[(   Shoals:4 **   Snake:1 *([=   Vaults:1 *   Vaults:5 [[=

Portals:
Hell: Depths:1 Depths:2 Depths:3 Depths:4
Abyss: Lair:6 Depths:2 Depths:3
Pandemonium: Depths:2 Depths:4
Ziggurat: Depths:1

Annotations:
D:10 2 transporters
Elf:1 1 runed translucent door
Zot:1 1 runed translucent door, Heisao's ghost, legendary TrBe


Innate Abilities, Weirdness & Mutations

You have sharp toenails.
Your body sometimes deteriorates upon taking damage.
Your flesh is heat resistant. (rF+)
You passively map a small area around you.
Your system is resistant to poisons. (rPois)
You occasionally shout uncontrollably at your foes.
You are weak. (Str -2)


Message History

You completely miss the demonspawn blood saint.
The demonspawn blood saint is heavily wounded.
You slice the demonspawn blood saint like a ripe choko!!!
You kill the demonspawn blood saint!
Okawaru accepts your kill.
No target in view!
Unknown command.
Things that are here:
a +0 dagger; a +2 robe of willpower No target in view!
Unknown command.
(D) Dungeon (T) Temple (L) Lair (A) Shoals (P) Snake Pit (M) Slime Pits (O) Orcish Mines (E) Elven Halls (V) Vaults (C) Crypt (U) Depths (H) Hell (Z) Zot
Where to? (Enter - D:1 @ (x,y), ? - help)
What level of the Dungeon? (default 1, ? - help)
There is a stone staircase leading up here.
You climb upwards.
Magic restored.
There is a stone staircase leading down here.
There is a stone staircase leading up here.
You climb upwards.
There is a stone staircase leading down here.
There is a stone staircase leading up here.
You climb upwards.
There is a stone staircase leading down here.
You feel like a meek peon again.
There is a stone staircase leading up here.
You climb upwards.
There is a stone staircase leading down here.
You see here a +0 ring mail.
There is a stone staircase leading up here.
You climb upwards.
There is a stone staircase leading down here.
There is a stone staircase leading up here.
You climb upwards.
Your hands slow down.
There is a stone staircase leading down here.
There is a staircase leading out of the dungeon here.
You have escaped!

...............##............###.
.........##.(..##....##.......###
.#.......##..........##..........
.#........................##.....
.#...##..[................##.....
.#...##..........................
.................................
................>...........##..#
....##..........@...........##..#
.#..##..........................#
##...............................
#....................)....##....
#....##...................##...#
#....##........................#
#.........##..........##.......#
###.>......##....##....##.(...##.
.##..............##..........###.


There were no monsters in sight!

Vanquished Creatures
  4 dread liches
  Tiamat (Zot:4)
  Mennas (Depths:3)
  6 ancient liches
  Mara (Vaults:3)
  9 orbs of fire
  5 Killer Klowns
  Vashnia (Snake:4)
  Frederick (Vaults:5)
  Saint Roka (Vaults:1)
  Margery (Vaults:5)
  A curse toe (Zot:4)
  23 golden dragons
  Jory (Vaults:5)
  3 bone dragons
  2 electric golems (Zot:5)
  The ghost of agentgt the Covert, an adept HuVM of Kikubaaqudgha (Elf:1)
  Rupert (Lair:5)
  22 tentacled monstrosities
  A Hell Sentinel (Zot:2)
  3 acid blobs (Depths:2)
  14 quicksilver dragons
  25 Orb Guardians (Zot:5)
  4 titans
  The ghost of LowerYak9376 the Grappler, an adept OgTm of Cheibriados (Snake:4)
  A deep elf master archer (Elf:3)
  A walking frostbound tome (Depths:3)
  2 deep elf blademasters (Elf:3)
  Frances (D:14)
  6 sphinxes
  Kirke (D:15)
  5 tengu reavers
  20 shadow dragons
  10 death cobs
  The ghost of Dittersdorf the Severer, an adept MiBe of Trog (Snake:2)
  The ghost of sangerfol the Warrior, an adept FoFi of Hepliaklqana (Shoals:2)
  2 tentacled starspawn (Abyss:4)
  19 storm dragons
  5 rockslimes (Depths:2)
  12 draconian monks
  12 fire giants
  5 azure jellies
  2 nagarajas (Snake:4)
  6 draconian knights
  Louise (Snake:4)
  A cacodemon (Abyss:4)
  9 draconian scorchers
  2 angels (Vaults:4)
  15 vault wardens
  5 deep elf sorcerers
  11 frost giants
  Aizul (Snake:1)
  2 orc warlords
  7 deep elf elementalists
  7 draconian stormcallers
  A caustic shrike zombie (Depths:1)
  4 iron dragons
  8 draconian shifters
  A balrug (Depths:4)
  7 draconian annihilators
  4 ghost moths
  17 ironbound preservers
  A spriggan defender (Depths:3)
  A demonspawn blood saint (D:7)
  16 very ugly things
  The ghost of Akransas the Warrior, a journeyman DrCK of Xom (Lair:5)
  8 ironbound thunderhulks
  15 stone giants
  3 war gargoyles
  5 deep elf demonologists
  2 reapers
  14 black draconians
  2 vampire knights
  16 green draconians
  8 red draconians
  19 white draconians
  The ghost of Ruicvywi the Grappler, a journeyman OgTm of Okawaru (Lair:3)
  2 entropy weavers (Vaults:4)
  6 spark wasps
  7 deep elf annihilators
  A minotaur (shapeshifter) (Vaults:5)
  11 yellow draconians
  2 dire elephants
  Snorg (Lair:6)
  The ghost of Vig Uhad the Martial Artist, a journeyman OpTm of Cheibriados (Lair:5)
  15 purple draconians
  7 deep elf death magi (Elf:3)
  2 crystal guardians (Vaults:4)
  13 ettins
  A blizzard demon (D:7)
  5 merfolk javelineers (Shoals:4)
  13 fire dragons
  6 merfolk impalers
  The ghost of Wuvuatt the Impaler, a journeyman MiBe of Trog (Lair:2)
  11 yaktaur captains
  2 boulder beetles
  6 great orbs of eyes
  36 vault guards
  8 deep elf high priests
  5 naga warriors
  Erolcha (D:13)
  2 peacekeepers
  A ghost crab (WizLab)
  4 hydras
  2 rakshasas
  2 alligator snapping turtles (Shoals:3)
  A catoblepas (Lair:4)
  5 ogre magi
  14 merfolk aquamancers
  A merfolk avatar (Shoals:4)
  A spriggan air mage (WizLab)
  12 centaur warriors
  14 anacondas
  16 ice dragons
  3 salamander tyrants
  Erica (D:8)
  A death knight (D:15)
  8 ironbound frosthearts
  11 dancing weapons
  15 two-headed ogres
  A satyr (Shoals:4)
  6 tengu warriors
  5 deep troll shamans
  2 vampire magi (Depths:3)
  11 naga sharpshooters
  4 deep troll earth magi
  8 shock serpents
  7 death yaks
  10 hell knights
  2 soul eaters
  3 spriggan berserkers
  7 thrashing horrors
  Sonja (Lair:4)
  4 skeletal warriors
  A sun demon (Depths:4)
  5 orc high priests (Orc:2)
  5 deep elf knights
  A shadow wraith (Vaults:5)
  6 iron trolls
  5 salamander mystics (Snake:4)
  2 flayed ghosts
  7 sea snakes
  5 naga ritualists
  A sea snake (shapeshifter) (Depths:4)
  34 deep trolls
  A swamp dragon (Zot:4)
  16 deep elf archers
  14 ironbound convokers
  4 glowing orange brains
  9 wizards
  37 harpies
  22 orc knights
  23 deep elf pyromancers
  28 deep elf zephyrmancers
  5 necromancers
  5 phantasmal warriors
  7 lindwurms
  46 ugly things
  9 fauns
  13 mana vipers
  2 orc sorcerers
  A mana viper (shapeshifter) (Vaults:5)
  A wolf spider (shapeshifter) (Vaults:5)
  10 cyclopes
  19 manticores
  2 worldbinders (Abyss:4)
  22 salamanders
  34 moths of wrath
  12 water nymphs
  10 elephants
  7 guardian serpents
  A fire giant skeleton (Vaults:2)
  10 merfolk sirens
  10 naga magi
  5 smoke demons
  Maurice (D:8)
  16 vault sentinels
  13 cane toads
  35 black mambas
  A gargoyle (D:12)
  8 rime drakes
  2 torpor snails
  3 orange demons (Depths:4)
  A kobold demonologist (D:13)
  4 freezing wraiths
  33 yaktaurs
  8 komodo dragons
  An unseen horror (D:10)
  8 tengu conjurers
  A hellwing (Depths:4)
  2 human skeletons (Vaults:2)
  A red devil (Depths:4)
  A guardian mummy (Zot:3)
  An ice devil (Depths:4)
  8 trolls
  4 ancient zymes
  40 merfolk
  A polar bear (Lair:3)
  4 hornets
  Grinder (D:4)
  38 slime creatures
  9 wind drakes
  A blink frog (shapeshifter) (Lair:6)
  A tarantella (shapeshifter) (D:14)
  A wind drake (shapeshifter) (Lair:6)
  A slime creature (shapeshifter) (Vaults:5)
  A dream sheep (shapeshifter) (D:14)
  A spriggan zombie (Depths:1)
  2 dream sheep (Lair:2)
  34 blink frogs
  A frost giant simulacrum (Depths:1)
  2 raiju (shapeshifter)
  13 snapping turtles
  Sigmund (D:4)
  A culicivora (shapeshifter) (D:10)
  2 shadows
  3 ynoxinuls
  6 air elementals (WizLab)
  A wyvern (shapeshifter) (Depths:3)
  A vampire (D:13)
  9 spriggans
  4 large abominations
  A culicivora (Vaults:4)
  2 fire elementals
  A spriggan (shapeshifter) (Vaults:5)
  8 wyverns
  A neqoxec (Depths:4)
  4 wraiths
  7 basilisks
  21 water elementals
  55 yaks
  A redback (shapeshifter) (Vaults:5)
  3 hogs (D:15)
  2 humans (D:13)
  2 steam dragons
  2 chaos spawn
  7 redbacks
  3 vampire mosquitoes (D:12)
  17 nagas
  4 wargs
  2 acid dragons
  20 water moccasins
  2 floating eyes
  A sky beast (D:5)
  41 orc warriors
  2 ice beasts (D:5)
  3 black bears
  5 boggarts
  18 ogres
  A necrophage (D:5)
  9 wolves (Lair:3)
  18 centaurs
  A phantom (D:4)
  3 kobold brigands
  16 bullfrogs
  2 gnoll sergeants
  4 scorpions
  3 earth elementals
  8 small abominations (Lair:6)
  A water moccasin skeleton (D:6)
  24 killer bees
  20 wights
  2 oklob saplings (D:9)
  3 vampire bats (D:5)
  3 howler monkeys
  3 centaur zombies
  16 jellies
  4 hounds
  A bullfrog skeleton (D:5)
  33 orc priests
  An iguana (D:5)
  A centaur skeleton (D:6)
  Jessica (D:2)
  Ijyb (D:4)
  Natasha (thrice) (D:3)
  27 orc wizards
  A killer bee zombie (D:7)
  A centaur simulacrum (D:9)
  A howler monkey zombie (D:8)
  12 adders
  13 gnolls
  2 howler monkey skeletons (D:7)
  2 white imps (D:5)
  An ufetubus (D:5)
  An adder skeleton (D:4)
  A worm (D:2)
  A dart slug (D:3)
  105 orcs
  10 bats
  21 endoplasms
  A giant cockroach (D:2)
  8 goblins
  9 hobgoblins
  3 jackals (D:5)
  2 quokkas
  13 ball pythons
  2 frilled lizards
  18 kobolds
  2 rats (D:1)
  A bush (D:9)
  A fire vortex (Depths:1)
  A lurking horror (Abyss:4)
  A starspawn tentacle (Abyss:4)
2274 creatures vanquished.

Vanquished Creatures (others)
  A fire giant (Depths:3)
  A black draconian (Depths:4)
  A manticore (Shoals:4)
  An orc (Orc:2)
  25 fungi
  A lurking horror (Abyss:4)
  109 plants
  3 starspawn tentacles (Abyss:4)
142 creatures vanquished.

Grand Total: 2416 creatures vanquished

Notes
Turn   | Place    | Note
-------+----------+-------------------------------------------
     0 | D:1      | Jazqba the Hill Orc Wanderer began the quest for the Orb.
     0 | D:1      | Jazqba set off with the following items: a +2 hand axe, a
                  | potion of attraction, a +0 pair of boots, a +0 leather
                  | armour
     0 | D:1      | Reached XP level 1. HP: 16/16 MP: 1/1
   240 | D:1      | Reached XP level 2. HP: 18/23 MP: 2/2
   762 | D:2      | Noticed Jessica
   772 | D:2      | Killed Jessica
   773 | D:2      | Reached skill level 1 in Armour
   773 | D:2      | Reached XP level 3. HP: 22/29 MP: 3/3
  1301 | D:2      | Reached XP level 4. HP: 35/36 MP: 4/4
  1312 | D:2      | Noticed a great orb of eyes
  1314 | D:2      | Found a faded altar of an unknown god.
  1316 | D:2      | Noticed an eye of devastation
  1316 | D:2      | Noticed an eye of devastation
  1316 | D:2      | Noticed a floating eye
  1893 | D:3      | Noticed Natasha
  1902 | D:3      | Killed Natasha
  2172 | D:3      | Reached XP level 5. HP: 43/44 MP: 5/5
  2286 | D:3      | Noticed Natasha
  2301 | D:3      | Killed Natasha
  2662 | D:3      | Found an iron altar of Okawaru.
  2673 | D:3      | Became a worshipper of Warmaster Okawaru
  2877 | D:3      | Noticed Natasha
  2892 | D:3      | Killed Natasha
  3005 | D:4      | Reached skill level 1 in Invocations
  3005 | D:4      | Reached XP level 6. HP: 42/51 MP: 6/6
  3847 | D:4      | Noticed Sigmund
  3884 | D:4      | Killed Sigmund
  3884 | D:4      | Reached * piety under Okawaru
  3885 | D:4      | Reached XP level 7. HP: 39/59 MP: 8/8
  4079 | D:4      | Reached skill level 1 in Throwing
  4151 | D:4      | Noticed Grinder
  4483 | D:4      | Found a staircase to the Ecumenical Temple.
  4562 | D:4      | Noticed Ijyb
  4590 | D:4      | Killed Ijyb
  5009 | D:4      | Paralysed by Grinder for 7 turns
  5023 | D:4      | Killed Grinder
  5023 | D:4      | Reached ** piety under Okawaru
  5024 | D:4      | Reached XP level 8. HP: 44/67 MP: 8/10
  5153 | D:5      | Entered Level 5 of the Dungeon
  5165 | D:5      | Reached skill level 10 in Axes
  5325 | D:5      | Reached skill level 5 in Fighting
  5393 | D:5      | Noticed a +0 dagger
  5398 | D:5      | Noticed a +0 hand axe
  5400 | D:5      | Found a hide-covered altar of Uskayaw.
  5745 | D:5      | Reached XP level 9. HP: 43/75 MP: 12/12
  5752 | D:5      | Reached *** piety under Okawaru
  6178 | D:5      | Reached skill level 5 in Armour
  7598 | D:6      | Found a glowing silver altar of Zin.
  8161 | D:7      | Reached **** piety under Okawaru
  8221 | D:7      | Reached XP level 10. HP: 72/86 MP: 11/13
  8537 | D:7      | Received a gift from Okawaru
  8617 | D:7      | Found a hazy altar of Hepliaklqana.
  8928 | D:7      | Reached ***** piety under Okawaru
  9149 | D:8      | Found Naass's Armour Emporium.
  9219 | D:8      | Noticed Erica
  9237 | D:8      | Killed Erica
  9326 | D:8      | Found Ethricle's Jewellery Boutique.
  9361 | D:8      | Found a flagged portal.
  9369 | Bailey   | Entered a bailey
  9835 | Bailey   | Noticed an orc knight
  9835 | Bailey   | Noticed an orc knight
  9875 | Bailey   | Killed an orc knight
  9876 | Bailey   | Reached skill level 15 in Axes
  9953 | Bailey   | Killed an orc knight
  9954 | Bailey   | Reached XP level 11. HP: 56/97 MP: 14/14
 10111 | Bailey   | Noticed an orc knight
 10129 | Bailey   | Killed an orc knight
 10185 | Bailey   | Noticed an orc knight
 10226 | Bailey   | Killed an orc knight
 10315 | D:8      | Found a broken altar of Ashenzari.
 10334 | D:8      | Found Vohucub's Weapon Emporium.
 10335 | D:8      | Noticed a two-headed ogre
 10348 | D:8      | Killed a two-headed ogre
 10421 | D:8      | Found Biadaym's Antique Armour Boutique.
 10479 | D:8      | Found a stormy altar of Qazlal.
 10512 | D:8      | Noticed Maurice
 10547 | D:8      | Killed Maurice
 10740 | D:8      | Found Niut Iga's General Store.
 10782 | D:8      | Found a staircase to the Lair.
 10813 | D:8      | Reached skill level 10 in Fighting
 10989 | D:8      | Found an opulent altar of Gozag.
 11003 | D:8      | Found an ornate altar of the Wu Jian Council.
 11053 | Lair:1   | Entered Level 1 of the Lair of Beasts
 11066 | Lair:1   | Received a gift from Okawaru
 11066 | Lair:1   | Found the +2 cloak of the Thief {*Fog Slay-2 SInv Stlth+}
 11420 | Lair:1   | Noticed a six-headed hydra
 11447 | Lair:1   | Killed a six-headed hydra
 11569 | Lair:1   | Reached skill level 10 in Armour
 12085 | Lair:1   | Reached XP level 12. HP: 111/111 MP: 15/15
 12222 | Lair:1   | Reached skill level 1 in Shields
 12270 | Lair:1   | Identified the +4 quarterstaff "Gaoghikleg" {flame, Dex+5
                  | SInv Stlth+}
 12518 | Lair:2   | Received a gift from Okawaru
 12518 | Lair:2   | Reached ****** piety under Okawaru
 12699 | Lair:2   | Noticed Wuvuatt's ghost (journeyman MiBe)
 12700 | Lair:2   | Found a transporter.
 12729 | Lair:2   | Found a transporter.
 13423 | Lair:2   | Killed Wuvuatt's ghost
 13430 | Lair:2   | Identified the +2 pair of gloves of the Purple Skies {rC+
                  | Str+4 SInv Stlth+}
 13556 | D:8      | Bought a scroll of identify for 26 gold pieces
 13743 | D:9      | Noticed a two-headed ogre
 13751 | D:9      | Killed a two-headed ogre
 13852 | D:9      | Noticed a two-headed ogre
 13863 | D:9      | Killed a two-headed ogre
 13864 | D:9      | Reached skill level 5 in Shields
 14109 | D:9      | Reached XP level 13. HP: 123/123 MP: 16/16
 14210 | D:9      | Found the +8 storm bow {elec, penet}
 14230 | D:9      | Identified the +2 dagger of Valour {freeze, rN+ Will+
                  | Dex+2} (Okawaru gifted it to you on level 9 of the Dungeon)
 14230 | D:9      | Received a gift from Okawaru
 14859 | D:9      | Found a staircase to the Orcish Mines.
 14868 | D:9      | Found a sacrificial altar of Ru.
 14871 | D:9      | Found a white marble altar of Elyvilon.
 14874 | D:9      | Found an ancient bone altar of Kikubaaqudgha.
 14904 | D:9      | Found a sparkling altar of Nemelex Xobeh.
 15093 | Lair:3   | Reached skill level 1 in Bows
 15276 | Lair:3   | Received a gift from Okawaru
 15479 | Lair:3   | Reached skill level 15 in Fighting
 15484 | Lair:3   | Identified the +6 crystal plate armour of the Desert {rElec
                  | Str-3 SInv} (Okawaru gifted it to you on level 3 of the
                  | Lair of Beasts)
 15484 | Lair:3   | Received a gift from Okawaru
 15806 | Lair:3   | Found a transporter.
 15807 | Lair:3   | Noticed Ruicvywi's ghost (journeyman OgTm)
 15811 | Lair:3   | Found a transporter.
 15817 | Lair:3   | Found a bloodstained altar of Trog.
 16023 | Lair:3   | Killed Ruicvywi's ghost
 16039 | Lair:3   | Reached XP level 14. HP: 119/135 MP: 11/17
 16394 | Lair:4   | Found a staircase to the Shoals.
 16401 | Lair:4   | Reached skill level 5 in Bows
 16649 | Lair:4   | Found a staircase to the Snake Pit.
 17229 | Lair:5   | Noticed Sonja
 17243 | Lair:4   | Killed Sonja
 17433 | Lair:5   | Received a gift from Okawaru
 17453 | Lair:5   | Found a staircase to the Slime Pits.
 17654 | Lair:5   | Found a runed translucent gate.
 17654 | Lair:5   | Found a runed translucent gate.
 17654 | Lair:5   | Found a runed translucent gate.
 17658 | Lair:5   | Noticed Akransas's ghost (journeyman DrCK)
 17658 | Lair:5   | Noticed Vig Uhad's ghost (journeyman OpTm)
 17682 | Lair:5   | Noticed Rupert
 17708 | Lair:5   | Killed Rupert
 18167 | Lair:5   | Killed Akransas's ghost
 18203 | Lair:5   | Killed Vig Uhad's ghost
 18246 | Lair:6   | Entered Level 6 of the Lair of Beasts
 18335 | Lair:6   | Noticed Snorg
 18353 | Lair:6   | Killed Snorg
 18353 | Lair:6   | Received a gift from Okawaru
 18494 | Lair:6   | Reached skill level 15 in Armour
 18909 | Lair:6   | Reached XP level 15. HP: 145/145 MP: 18/18
 19711 | Lair:6   | Found a corrupted altar of Lugonu.
 19711 | Lair:6   | Found a one-way gate to the infinite horrors of the Abyss.
 19720 | Lair:6   | Got the Almanac of Air and the Rocks
 20086 | Orc:1    | Entered Level 1 of the Orcish Mines
 20401 | Orc:1    | Received a gift from Okawaru
 20469 | Orc:1    | Reached skill level 10 in Bows
 20697 | Orc:2    | Entered Level 2 of the Orcish Mines
 20702 | Orc:2    | Reached skill level 5 in Invocations
 20747 | Orc:2    | Received a gift from Okawaru
 20981 | Orc:2    | Found a staircase to the Elven Halls.
 21057 | Orc:2    | Gained mutation: You are weak. (Str -2) [a neqoxec]
 21058 | Orc:2    | Gained mutation: You have hidden genetic defects. [a
                  | neqoxec]
 21193 | Orc:2    | Received a gift from Okawaru
 21440 | Orc:2    | Gained mutation: Your body sometimes deteriorates upon
                  | taking damage. [hidden defects]
 21459 | Orc:2    | Found Fyothrawy's General Store.
 21462 | Orc:2    | Found Vofiu's Armour Shop.
 21463 | Orc:2    | Found Dohywn's Magic Scroll Shop.
 21464 | Orc:2    | Found Ritsugist's General Store.
 21467 | Orc:2    | Bought a scroll of acquirement for 728 gold pieces
 21471 | Orc:2    | Bought 30 arrows for 102 gold pieces
 21471 | Orc:2    | Bought a scroll of enchant armour for 127 gold pieces
 21476 | Orc:2    | Acquired the ring "Bergheec" {EV+4 Str+4}
 21782 | D:8      | Bought the ring "Lagivac" {Wiz rElec rPois rF+ rC+} for 933
                  | gold pieces
 22138 | D:9      | Got Laijiej's Compendium of Nature
 22185 | D:10     | Entered Level 10 of the Dungeon
 22371 | D:10     | Found a basalt altar of Yredelemnul.
 22568 | D:10     | Found a transporter.
 22569 | D:10     | Found a transporter.
 22574 | D:10     | Found a corrupted altar of Lugonu.
 22743 | D:11     | Found Runedgh's Book Shoppe.
 22769 | D:11     | Found Ymoipecw's Antique Weapon Boutique.
 22770 | D:11     | Found Qaufir's Weapon Emporium.
 22805 | D:11     | Received a gift from Okawaru
 22952 | D:11     | Found Egroh Joc's Overcharged Wands.
 23201 | D:11     | Found Qeisael's Book Emporium.
 23360 | D:11     | Found Oqoicut's Antique Armour Shop.
 23364 | D:11     | Reached XP level 16. HP: 149/155 MP: 21/21
 23520 | D:12     | Gained mutation: You sometimes lose the ability to read
                  | scrolls when taking damage. [hidden defects]
 23520 | D:12     | Lost mutation: You have hidden genetic defects. [hidden
                  | defects expressed]
 23879 | D:12     | You fall into a shaft and drop 1 floor!
 23880 | D:13     | Found Aklotso's Blood Bar.
 24017 | D:13     | Found a gate to the Vaults.
 24113 | D:13     | Received a gift from Okawaru
 24167 | D:13     | Found Qynuru's Fire Supplies.
 24209 | D:13     | Lost mutation: You sometimes lose the ability to read
                  | scrolls when taking damage. [potion of mutation]
 24209 | D:13     | Lost mutation: You are weak. (Str -2) [potion of mutation]
 24209 | D:13     | Lost mutation: Your body sometimes deteriorates upon taking
                  | damage. [potion of mutation]
 24209 | D:13     | Gained mutation: You occasionally shout uncontrollably at
                  | your foes. [potion of mutation]
 24209 | D:13     | Gained mutation: You have sharp toenails. [potion of
                  | mutation]
 24209 | D:13     | Gained mutation: You have razor-sharp toenails. [potion of
                  | mutation]
 24284 | D:13     | Noticed Erolcha
 24291 | D:13     | Killed Erolcha
 24743 | D:14     | Noticed Frances
 24753 | D:14     | Killed Frances
 25253 | D:14     | Identified the +4 scale mail of Wes Nexoy {rF+ Str+5}
 25760 | D:14     | Cast into level 3 of the Abyss (a wizard)
 25947 | Abyss:3  | Noticed a dread lich
 25950 | Abyss:3  | Paralysed by a dread lich for 6 turns
 26120 | Abyss:4  | Noticed a tentacled starspawn
 26130 | Abyss:4  | Killed a tentacled starspawn
 26154 | Abyss:4  | Noticed a profane servitor
 26157 | Abyss:4  | Noticed a profane servitor
 26230 | Abyss:4  | Noticed a tentacled starspawn
 26232 | Abyss:4  | Noticed a tentacled starspawn
 26237 | Abyss:4  | Killed a tentacled starspawn
 26244 | D:14     | Escaped the Abyss
 26322 | D:15     | Entered Level 15 of the Dungeon
 26835 | D:15     | Identified the +6 kite shield of Okawaru's Generosity
                  | {rPois} (Okawaru gifted it to you on level 15 of the
                  | Dungeon)
 26835 | D:15     | Received a gift from Okawaru
 27524 | Shoals:1 | Entered Level 1 of the Shoals
 28173 | D:15     | Found a staircase to the Depths.
 28256 | D:15     | Noticed Kirke
 28402 | D:15     | Found a bloodstained altar of Trog.
 28597 | D:15     | Killed Kirke
 29229 | Shoals:1 | Reached XP level 17. HP: 166/166 MP: 24/24
 29632 | Shoals:1 | Reached skill level 10 in Invocations
 29786 | Shoals:2 | Found a flickering gateway to a bazaar.
 29801 | Shoals:2 | Received a gift from Okawaru
 29983 | Bazaar   | Entered a bazaar
 30022 | Bazaar   | Found Kasy's Antique Armour Shoppe.
 30023 | Bazaar   | Found Ywnaem's Jewellery Shoppe.
 30066 | Bazaar   | Found Xeyj's Weapon Emporium.
 30066 | Bazaar   | Found Kihavaj's Magic Scroll Emporium.
 30088 | Bazaar   | Bought a scroll of enchant weapon for 105 gold pieces
 30088 | Bazaar   | Bought a scroll of blinking for 105 gold pieces
 30149 | Shoals:2 | Identified the +7 ring mail of the Guild-Master {MP+9 SInv}
 30215 | Shoals:2 | Found Mesk's Visitors' Centre.
 30239 | Shoals:2 | Found Mesk's Merfolk Magic.
 30246 | Shoals:2 | Found Mesk's Merfolk Armours.
 30246 | Shoals:2 | Found Mesk's Merfolk Weapons.
 30265 | Shoals:2 | Bought the +2 helmet "Suargh" {rCorr} for 406 gold pieces
 30482 | Shoals:2 | Found a runed translucent door.
 30507 | Shoals:2 | Noticed sangerfol's ghost (adept FoFi)
 30523 | Shoals:2 | Killed sangerfol's ghost
 31606 | Shoals:4 | Entered Level 4 of the Shoals
 31620 | Shoals:4 | Received a gift from Okawaru
 31632 | Shoals:4 | Received a gift from Okawaru
 32074 | Shoals:3 | Acquired 662 gold pieces
 32310 | Snake:1  | Entered Level 1 of the Snake Pit
 32570 | Snake:1  | Received a gift from Okawaru
 32757 | Snake:1  | Reached XP level 18. HP: 169/174 MP: 25/25
 32764 | Snake:1  | Found Ojimerr's Armour Shoppe.
 32764 | Snake:1  | Found Veffo's Antique Weapon Emporium.
 32765 | Snake:1  | Found Henuch's Jewellery Shoppe.
 32765 | Snake:1  | Noticed Aizul
 32776 | Snake:1  | Killed Aizul
 32777 | Snake:1  | Found Warphown's Assorted Antiques.
 32883 | Snake:1  | Found a bloodstained altar of Trog.
 33387 | Snake:2  | Received a gift from Okawaru
 33597 | Snake:2  | Found a runed translucent door.
 33598 | Snake:2  | Noticed Dittersdorf's ghost (adept MiBe)
 33625 | Snake:2  | Killed Dittersdorf's ghost
 33626 | Snake:2  | Reached skill level 5 in Dodging
 33935 | Lair:1   | Identified the +5 scale mail "Zusiag" {rC+ Will+ Dex+5}
 33999 | D:8      | Bought the ring of Umem {rF+ EV+4 Dex+7} for 970 gold
                  | pieces
 34826 | Snake:4  | Entered Level 4 of the Snake Pit
 34829 | Snake:4  | Noticed Vashnia
 35313 | Snake:4  | Noticed Louise
 35456 | Snake:4  | Killed Louise
 35886 | Snake:4  | Killed Vashnia
 35940 | Snake:4  | Found a runed translucent door.
 35940 | Snake:4  | Noticed LowerYak9376's ghost (adept OgTm)
 36111 | Snake:4  | Killed LowerYak9376's ghost
 36242 | Snake:4  | Received a gift from Okawaru
 36305 | Snake:4  | Identified the -7 kite shield "Facesy" {Will+ Slay+2}
                  | (Okawaru gifted it to you on level 4 of the Snake Pit)
 36305 | Snake:4  | Received a gift from Okawaru
 36983 | Snake:4  | Reached XP level 19. HP: 176/183 MP: 26/26
 37068 | Snake:4  | Got a serpentine rune of Zot
 38035 | Shoals:4 | Reached skill level 15 in Bows
 38249 | Shoals:4 | Identified the +0 chain mail of Stained Tender Moments
                  | {Drain rPois rCorr} (Okawaru gifted it to you on level 4 of
                  | the Shoals)
 38249 | Shoals:4 | Received a gift from Okawaru
 38418 | Shoals:4 | Got a barnacled rune of Zot
 38693 | Shoals:4 | Found Xairchis's General Store.
 38695 | Shoals:4 | Found Vazudghi's Specific Store.
 39223 | Vaults:1 | Entered Level 1 of the Vaults
 39804 | Vaults:1 | Found Diajotip's Assorted Antiques.
 39866 | Vaults:1 | Noticed Saint Roka
 39904 | Vaults:1 | Killed Saint Roka
 40167 | Vaults:1 | Identified the +4 pair of gloves "Ymikez" {Str+4 Stlth+}
 41385 | Vaults:2 | Reached XP level 20. HP: 193/193 MP: 27/27
 41532 | D:13     | Bought the ring "Bimyal Ewuecw" {rF+ Will+} for 413 gold
                  | pieces
 41958 | Vaults:2 | Identified the +5 kite shield "Asiluxul" {Drain rC+ rCorr}
                  | (Okawaru gifted it to you on level 2 of the Vaults)
 41958 | Vaults:2 | Received a gift from Okawaru
 42666 | Vaults:2 | You fall into a shaft and drop 1 floor!
 42666 | Vaults:3 | Noticed Mara
 42690 | Vaults:3 | Noticed Jazqba's illusion
 42694 | Vaults:3 | Killed Mara
 43679 | Vaults:3 | Identified the +7 longbow "Ciacwi Vuxt" {venom, rF+ Int+8
                  | Stlth+} (Okawaru gifted it to you on level 3 of the Vaults)
 43679 | Vaults:3 | Received a gift from Okawaru
 43961 | Vaults:3 | Noticed a bone dragon
 43971 | Vaults:3 | Killed a bone dragon
 43991 | Vaults:3 | Found a staircase to the Crypt.
 43998 | Vaults:3 | Got the Disquisition on Icy Curses
 44538 | Vaults:3 | Found a portal to a secret trove of treasure.
 45145 | Vaults:2 | Received a gift from Okawaru
 45708 | Vaults:4 | Received a gift from Okawaru
 45709 | Vaults:4 | Reached XP level 21. HP: 199/201 MP: 25/28
 45929 | Vaults:4 | Received a gift from Okawaru
 45955 | Vaults:4 | Found a white marble altar of Elyvilon.
 45955 | Vaults:4 | Found a glowing golden altar of the Shining One.
 45955 | Vaults:4 | Found a glowing silver altar of Zin.
 45961 | Vaults:4 | Found a crumbling gateway.
 46053 | Vaults:4 | Reached skill level 1 in Evocations
 46189 | Vaults:4 | Identified the +1 scale mail of Agnosticism {Fly Will-
                  | Str+4 SInv}
 46317 | Vaults:4 | Received a gift from Okawaru
 47376 | Depths:1 | Entered Level 1 of the Depths
 47503 | D:15     | Received a gift from Okawaru
 48242 | Depths:1 | Found a one-way gateway to a ziggurat.
 48377 | Depths:1 | Found a gateway to Hell.
 49073 | Depths:2 | Received a gift from Okawaru
 49455 | Depths:2 | Received a gift from Okawaru
 50014 | Depths:2 | Found a one-way gate leading to the halls of Pandemonium.
 50464 | Depths:3 | Noticed Mennas
 50472 | Depths:3 | Reached XP level 22. HP: 80/213 MP: 21/29
 50485 | Depths:3 | Killed Mennas
 50911 | Depths:3 | Paralysed by a floating eye for 3 turns
 50983 | Depths:3 | Noticed a dread lich
 50994 | Depths:3 | Killed a dread lich
 51508 | Vaults:3 | You paid a toll of +3 storm dragon scales to enter a
                  | treasure trove
 51509 | Trove    | Entered a treasure trove
 51525 | Trove    | Reached XP level 23. HP: 220/220 MP: 30/30
 51919 | Elf:1    | Entered Level 1 of the Elven Halls
 51919 | Elf:1    | Found a runed translucent gate.
 51919 | Elf:1    | Found a runed translucent gate.
 51919 | Elf:1    | Found a runed translucent gate.
 51919 | Elf:1    | Found a runed translucent gate.
 51919 | Elf:1    | Found a runed translucent gate.
 51919 | Elf:1    | Found a runed translucent gate.
 51921 | Elf:1    | Found a runed translucent door.
 52017 | Elf:1    | Found a runed translucent door.
 52148 | Elf:1    | Received a gift from Okawaru
 52194 | Elf:1    | Got the Handbook of Attacks
 52267 | Elf:1    | Found a runed translucent gate.
 52267 | Elf:1    | Found a runed translucent gate.
 52267 | Elf:1    | Found a runed translucent gate.
 52267 | Elf:1    | Noticed agentgt's ghost (adept HuVM)
 52841 | Elf:1    | Killed agentgt's ghost
 52841 | Elf:1    | Received a gift from Okawaru
 53142 | Elf:2    | Found Fynt's General Store.
 53161 | Elf:2    | Reached skill level 10 in Dodging
 53267 | Elf:2    | Found Tis Queg's Antique Armour Emporium.
 53639 | Elf:2    | Found a runed translucent gate.
 53639 | Elf:2    | Found a runed translucent gate.
 53639 | Elf:2    | Found a runed translucent gate.
 53645 | Elf:2    | Reached skill level 5 in Evocations
 53714 | Elf:3    | Entered Level 3 of the Elven Halls
 53731 | Elf:3    | Found Gyest's Distillery.
 53740 | Elf:3    | Identified the +2 pair of gloves "Hutweas" {Drain Dex+5
                  | Slay+2}
 53924 | Elf:3    | Found a magical portal.
 53955 | WizLab   | Entered The Chambers of the Cloud Mage
 53964 | WizLab   | Paralysed by an air elemental for 1 turns
 53974 | WizLab   | Paralysed by an air elemental for 1 turns
 53989 | WizLab   | Paralysed by an air elemental for 1 turns
 54013 | WizLab   | Paralysed by an air elemental for 1 turns
 54420 | Elf:3    | Received a gift from Okawaru
 54615 | Elf:3    | Identified the +0 pair of gloves of the Alphagorgon {rCorr
                  | Dex+6} (Okawaru gifted it to you on level 3 of the Elven
                  | Halls)
 54615 | Elf:3    | Received a gift from Okawaru
 55448 | Elf:3    | Identified the +1 plate armour of the Dragon {Harm *Slow
                  | rF+}
 55459 | Elf:3    | Identified the +1 long sword "Cobuiti" {holy, Int+2}
 55697 | Elf:3    | Reached XP level 24. HP: 225/231 MP: 30/30
 55725 | Elf:3    | Identified the +4 hand axe of the Radish {antimagic, Str+4}
 55786 | Elf:3    | Got Lein's Collected Works on the Damaging Arsonist
 55798 | Elf:3    | Identified the +4 hunting sling of Destiny {flame, Will+
                  | Int+2}
 55818 | Elf:3    | Identified the +7 hunting sling "Tayxt" {freeze, Str+4}
 57609 | Depths:3 | Identified the amulet of Yviunoer {Reflect rC+ Regen+ SH+5
                  | Stlth+}
 57857 | Depths:4 | Entered Level 4 of the Depths
 57916 | Depths:4 | Received a gift from Okawaru
 58314 | Depths:4 | Identified the +10 battleaxe of the Eternal Void {freeze,
                  | *Slow Str+4 Dex+4} (Okawaru gifted it to you on level 4 of
                  | the Depths)
 58314 | Depths:4 | Received a gift from Okawaru
 59104 | Depths:4 | Identified the +4 rapier of Xonnugri {flame, Int+7}
                  | (Okawaru gifted it to you on level 4 of the Depths)
 59104 | Depths:4 | Received a gift from Okawaru
 59164 | Depths:4 | Found a gate to the Realm of Zot.
 59970 | Vaults:5 | Entered Level 5 of the Vaults
 59977 | Vaults:5 | Reached XP level 25. HP: 220/238 MP: 30/32
 59990 | Vaults:5 | Noticed Margery
 60000 | Vaults:5 | Noticed an ancient lich
 60003 | Vaults:5 | Killed Margery
 60006 | Vaults:5 | Received a gift from Okawaru
 60435 | Vaults:5 | Noticed a dread lich
 60514 | Vaults:5 | Found Lohotiy's Jewellery Shop.
 60580 | Vaults:5 | Received a gift from Okawaru
 60581 | Vaults:5 | Noticed Jory
 60610 | Vaults:5 | Killed Jory
 60821 | Vaults:5 | Received a gift from Okawaru
 60839 | Vaults:5 | Got a silver rune of Zot
 60921 | Vaults:5 | Found Juoca's Antique Armour Shoppe.
 60943 | Vaults:5 | Killed an ancient lich
 60996 | Vaults:5 | Killed a dread lich
 60996 | Vaults:5 | Received a gift from Okawaru
 61003 | Vaults:5 | Identified the +2 tower shield of the Special Invaders {rN+
                  | rCorr MP-9 Int+5} (Okawaru gifted it to you on level 5 of
                  | the Vaults)
 61003 | Vaults:5 | Received a gift from Okawaru
 61236 | Vaults:5 | Identified the +4 glaive of Ununakko {freeze, rPois}
 61410 | Vaults:5 | Bought a pair of embroidered boots for 195 gold pieces
 61530 | Vaults:5 | Noticed Frederick
 61539 | Vaults:5 | Killed Frederick
 61572 | Vaults:5 | Found Wali's Antique Armour Shoppe.
 61902 | Vaults:5 | Reached XP level 26. HP: 148/227 MP: 32/32
 63621 | Elf:2    | Bought the +15 Maxwell's patent armour {-Cast -Tele rElec
                  | Will+ rCorr} for 2255 gold pieces
 63621 | Elf:2    | Found the +15 Maxwell's patent armour {-Cast -Tele rElec
                  | Will+ rCorr}
 64184 | Zot:1    | Entered Level 1 of the Realm of Zot
 65182 | Zot:1    | Found a runed translucent door.
 65182 | Zot:1    | Found a shimmering altar of Xom.
 65182 | Zot:1    | Noticed Heisao's ghost (legendary TrBe)
 65183 | Zot:1    | Identified the +9 morningstar of Jaipox {chaos, Dex+3}
 65229 | Zot:1    | Received a gift from Okawaru
 65246 | Zot:1    | Reached skill level 15 in Dodging
 65263 | Zot:1    | Reached skill level 10 in Evocations
 65806 | Zot:2    | Identified the +1 battleaxe of the Thirsty Friars {freeze,
                  | rPois Will- SInv Stlth+} (Okawaru gifted it to you on level
                  | 2 of the Realm of Zot)
 65806 | Zot:2    | Received a gift from Okawaru
 67103 | Zot:3    | Reached skill level 15 in Invocations
 67326 | Zot:3    | Received a gift from Okawaru
 67505 | Zot:3    | Noticed a Killer Klown
 67515 | Zot:3    | Killed a Killer Klown
 67515 | Zot:3    | Received a gift from Okawaru
 67522 | Zot:3    | Noticed an ancient lich
 67531 | Zot:3    | Killed an ancient lich
 68209 | Zot:3    | Reached XP level 27. HP: 254/254 MP: 34/34
 68577 | Zot:3    | Noticed an orb of fire
 68577 | Zot:3    | Noticed an orb of fire
 68577 | Zot:3    | Noticed an orb of fire
 68585 | Zot:3    | Gained mutation: You frequently scream uncontrollably at
                  | your foes. [an orb of fire]
 68586 | Zot:3    | Gained mutation: You have hidden genetic defects. [an orb
                  | of fire]
 68592 | Zot:3    | Gained mutation: You are clumsy. (Dex -2) [an orb of fire]
 68593 | Zot:3    | Killed an orb of fire
 68593 | Zot:3    | Received a gift from Okawaru
 68596 | Zot:3    | Killed an orb of fire
 68600 | Zot:3    | Killed an orb of fire
 68635 | Zot:3    | Lost mutation: You have razor-sharp toenails. [potion of
                  | mutation]
 68635 | Zot:3    | Lost mutation: You are clumsy. (Dex -2) [potion of
                  | mutation]
 68635 | Zot:3    | Lost mutation: You have hidden genetic defects. [potion of
                  | mutation]
 68635 | Zot:3    | Lost mutation: You frequently scream uncontrollably at your
                  | foes. [potion of mutation]
 68635 | Zot:3    | Gained mutation: You are weak. (Str -2) [potion of
                  | mutation]
 68635 | Zot:3    | Gained mutation: Your flesh is heat resistant. (rF+)
                  | [potion of mutation]
 68635 | Zot:3    | Gained mutation: Your system is resistant to poisons.
                  | (rPois) [potion of mutation]
 71206 | Zot:4    | Found the +4 dragonskin cloak
 71206 | Zot:4    | Identified the ring "Hoqothro" {Fly rPois}
 71206 | Zot:4    | Noticed Tiamat
 71246 | Zot:4    | Killed Tiamat
 71354 | Zot:4    | Found the +6 arbalest "Damnation" {damnation}
 71510 | Zot:4    | Got the Catalogue of Flamy Clay
 71769 | Zot:4    | Identified the +1 ring mail of Wemasall {rPois Dex+7
                  | Stlth-} (Okawaru gifted it to you on level 4 of the Realm
                  | of Zot)
 71769 | Zot:4    | Received a gift from Okawaru
 72367 | Zot:5    | Entered Level 5 of the Realm of Zot
 72385 | Zot:5    | Noticed an orb of fire
 72388 | Zot:5    | Gained mutation: You have hidden genetic defects. [an orb
                  | of fire]
 72394 | Zot:5    | Gained mutation: You are dopey. (Int -2) [an orb of fire]
 72405 | Zot:5    | Killed an orb of fire
 72445 | Zot:5    | Lost mutation: You have hidden genetic defects. [potion of
                  | mutation]
 72445 | Zot:5    | Lost mutation: You are dopey. (Int -2) [potion of mutation]
 72445 | Zot:5    | Gained mutation: You passively map a small area around you.
                  | [potion of mutation]
 73191 | Zot:5    | Noticed an ancient lich
 73204 | Zot:5    | Killed an ancient lich
 73337 | Zot:5    | Noticed an orb of fire
 73340 | Zot:5    | Noticed an orb of fire
 73342 | Zot:5    | Noticed an orb of fire
 73343 | Zot:5    | Noticed an orb of fire
 73347 | Zot:5    | Gained mutation: Your body sometimes deteriorates upon
                  | taking damage. [an orb of fire]
 73350 | Zot:5    | Killed an orb of fire
 73351 | Zot:5    | Killed an orb of fire
 73353 | Zot:5    | Killed an orb of fire
 73354 | Zot:5    | Killed an orb of fire
 73369 | Zot:5    | Noticed an ancient lich
 73375 | Zot:5    | Noticed an ancient lich
 73375 | Zot:5    | Received a gift from Okawaru
 73377 | Zot:5    | Killed an ancient lich
 73379 | Zot:5    | Killed an ancient lich
 73407 | Zot:5    | Noticed a dread lich
 73418 | Zot:5    | Killed a dread lich
 73419 | Zot:5    | Noticed an orb of fire
 73436 | Zot:5    | Identified the +4 ring mail "Wimpurho" {rF+ Will- Int+4}
                  | (Okawaru gifted it to you on level 5 of the Realm of Zot)
 73436 | Zot:5    | Received a gift from Okawaru
 73436 | Zot:5    | Noticed a dread lich
 73438 | Zot:5    | Killed an orb of fire
 73438 | Zot:5    | Noticed an ancient lich
 73447 | Zot:5    | Killed an ancient lich
 73448 | Zot:5    | Killed a dread lich
 73601 | Zot:5    | Reached skill level 15 in Evocations
 74211 | Zot:5    | Got the Orb of Zot
 74264 | Zot:5    | Noticed Niucresosy the pandemonium lord
 74264 | Zot:5    | Noticed an ancient lich
 74472 | Depths:1 | Noticed Xaer the pandemonium lord
 74725 | D:$      | Escaped with the Orb!

Illustrated notes

Levels and vault maps discovered:
D:1:      dpeg_arrival_stonehenge_12_columns, layout_basic,
          minmay_split_cup_small
D:2:      layout_loops_ring, hellmonk_ecumenical_altar_watching_god,
          uniq_jessica
D:3:      layout_basic, okawaru_trees_2, mrwooster_statue_mirror, uniq_natasha
D:4:      layout_basic, minmay_temple_entry_ruins, uniq_ijyb, uniq_sigmund,
          uniq_grinder
D:5:      layout_basic, dancing_weapons_uskayaw, roderic_batcave
D:6:      layout_loops_ring, nicolae_overflow_crystal_walls,
          minmay_misc_feat_hallway, hangedman_abyss_or_decor_lesser_grid
D:7:      layout_loops_ring, nzn_hepliaklqana_mist_gate, grunt_decor_junction,
          minmay_starry_boxes
D:8:      layout_loops_ring, gammafunk_temple_overflow_statue,
          nicolae_ashenzari_skybound, mainiacjoe_overflow_paths,
          lair_entry_dummy, enter_bailey_4, serial_shops,
          nicolae_take_the_stairs, shop, nicolae_shop_advertising_works
          [nicolae_subvault_shop_adworks], nicolae_diamond_shop, shop,
          uniq_erica, uniq_maurice
D:9:      minmay_the_grid_octo_tiled_squarecenter
          [minmay_the_grid_octo_odd_swirl, minmay_the_grid_octo_checkered,
          minmay_the_grid_octo_empty, minmay_the_grid_octo_empty,
          minmay_the_grid_square_5x5_megaprize_crossed,
          minmay_the_grid_square_5x5_minibox,
          minmay_the_grid_square_5x5_intrusive_squares,
          minmay_the_grid_square_5x5_broken_cross,
          minmay_the_grid_square_5x5_minivault], layout_loops_ring,
          grunt_temple_overflow_cloverleaf, orc_0_dummy,
          introduction_to_nature_2
D:10:     gammafunk_corrupted_shrine, layout_cave_pools, marbit_many_paths
D:11:     layout_basic, serial_shops, nicolae_stop_n_shop_2, shop,
          nicolae_shop_trees, shop, kennysheep_little_box,
          nicolae_shop_overcharged_wands
D:12:     layout_basic, portal_ice_cave_rime
D:13:     layout_gridville, grunt_vaults_entry_fortified, nicolae_shop_fire_sale
          [nicolae_sub_dead_trees], guppyfry_shop_blood, uniq_erolcha
D:14:     layout_basic, uniq_frances
D:15:     grunt_enter_depths_giant_problem, layout_long_grid,
          minmay_door_square, nicolae_benzene_ring, trog_hazing_becter,
          uniq_kirke
Lair:1:   layout_misc_corridors, infiniplex_staircase_pool_2, grunt_megastairs_1
Lair:2:   layout_cave_pods, gammafunk_ghost_arena
Lair:3:   lemuel_slime, layout_gridlike, gammafunk_ghost_wrathful_warriors,
          grunt_forest_stairs_clearing, lemuel_fruit_fields,
          infiniplex_staircase_pool
Lair:4:   layout_roguey, minmay_shoals_entry_centaurs,
          guppyfry_snake_entry_island, lemuel_fruit_tree
Lair:5:   layout_cave_shapes, minmay_slime_entry_oklob_open,
          gammafunk_ghost_cemetery, grunt_megastairs_3, uniq_sonja, uniq_rupert
Lair:6:   hellmonk_lair_end_abyssal_woods, layout_cave_pods, uniq_snorg
Shoals:1: layout_shoals
Shoals:2: nicolae_shoals_mermall, layout_shoals, serial_shops, freezing_bzr,
          ebering_ghost_reflecting_pool
Shoals:3: layout_shoals, nicolae_shoals_water_shrine
Shoals:4: shoals_end_simple, layout_shoals, nicolae_specific_store
Snake:1:  layout_grid_maze, basic_altar, minmay_shoptagon, grunt_megastairs_2,
          uniq_aizul
Snake:2:  layout_rooms, ebering_ghost_inner_flame
Snake:3:  layout_onion, grunt_megastairs_4
Snake:4:  snake_pit_salamanders_mu, layout_rooms,
          hellmonk_ghost_happy_afterlife, serial_bayou_shore_a, uniq_louise,
          uniq_vashnia
Orc:1:    layout_caves
Orc:2:    st_orc_pillars, layout_caves
Elf:1:    nicolae_elf_arrival_dilemma, layout_geoelf_diagonals,
          ebering_ghost_rock_garden, minmay_elf_annihilation, nicolae_wwwww
Elf:2:    nicolae_elf_blades_splatter_lattice [nicolae_blade_little_rooms],
          layout_rooms, serial_shops, nicolae_shop_competitors_out_of_business,
          shop_fountains, lemuel_upstairs_altar, uniq_asterion
Elf:3:    minmay_elf_hall_statues, layout_geoelf_grid, serial_shops, shop,
          mu_enter_wizlab_1
Vaults:1: ontoclasm_vaults_twist, nicolae_vaults_network_square,
          vaults_room_door_ring, v_rooms_6, nicolae_vaults_asterisk,
          nicolae_vaults_little_squares_5, vaults_room_grunt_arrival_ludios,
          vaults_room_pools, layout_vaults_omnigrid, serial_shops,
          nicolae_diamond_shop, uniq_saint_roka
Vaults:2: nicolae_vaults_ring_of_whatevers, ontoclasm_vaults_shout,
          nicolae_vaults_big_ls, nicolae_vaults_network_star,
          ontoclasm_vaults_ring_small, ontoclasm_vaults_claustrophobia,
          ontoclasm_vaults_shuriken, hangedman_vaults_stagger, v_misc_28,
          ontoclasm_vaults_ring_large, v_misc_19, vaults_dpeg_cross,
          ontoclasm_vaults_ring_square, nicolae_vaults_little_squares_1,
          layout_vaults_omnibox
Vaults:3: ontoclasm_vaults_gateway, minmay_crypt_entry_nasty_monster,
          hangedman_vaults_stitches, v_misc_9, v_misc_24,
          vaults_mumra_minichess_inversion, hangedman_vaults_pinch,
          hangedman_vaults_slice, vaults_mumra_lcd, st_hourglassy,
          nicolae_vaults_puzzle_piece, nicolae_vaults_little_squares_5,
          ontoclasm_vaults_misaligned, vaults_room_grid,
          layout_vaults_maze_snakey, enter_trove_6, uniq_mara
Vaults:4: portal_desolation_entry_holy_temple,
          hangedman_vaults_stretched_pinwheel, nicolae_vaults_little_squares_6,
          v_pattern_2, nicolae_vaults_network_s, v_misc_2, v_misc_22,
          ontoclasm_vaults_idyll, nicolae_vaults_asterisk,
          nicolae_vaults_little_squares_3, layout_vaults_big_room
Vaults:5: uniq_margery, uniq_frederick, uniq_jory
Depths:1: layout_big_octagon, enter_ziggurat_e, hell_entry,
          kennysheep_just_a_vault
Depths:2: minmay_curly_fans, layout_cave_pools, special_room
          [special_room_jelly], chequers_serial_rivers_room_a, hell_entry,
          pan_entry, abyss_entry, infiniplex_staircase_zigzag_3
Depths:3: nzn_winding_woodlands_cross [nzn_winding_woodlands_5x15_eye,
          nzn_winding_woodlands_5x15_twine, nzn_winding_woodlands_5x15_zeroes,
          nzn_winding_woodlands_5x15_crooked,
          nzn_winding_woodlands_15x15_five_gardens], layout_gridlike,
          hangedman_abyss_or_decor_stabs, abyss_entry, hangedman_coc_ice_floe,
          uniq_mennas
Depths:4: lemuel_castle_with_subvaults [lemuel_castle_interior_carwin_3],
          layout_long_grid, lightli_too_deep, chequers_serial_rivers_small_3,
          grunt_pan_entry_in_and_out, serial_bayou_pond_e, serial_bayou_shore_b
Zot:1:    kennysheep_ambush_hall, layout_cathedral_of_symmetry,
          ebering_ghost_xom, skrybe_zot_glass_3
Zot:2:    nicolae_zot_stationary_front, layout_gridlike
Zot:3:    hangedman_zot_vaults_quadrants, layout_cathedral_of_symmetry,
          lemuel_lake_of_fire
Zot:4:    layout_misc_corridors, st_grand_hoard_of_tiamat
Zot:5:    layout_onion, grunt_ministairs_14, st_stairs_3

Skill      XL: |  1  2  3  4  5  6  7  8  9 10 11 12 13 14 15 16 17 18 19 20 21 22 23 24 25 26 27 |
---------------+----------------------------------------------------------------------------------+-----
Axes           | 7 8 9 11 13 15 16 18 20 22 24 | 24.0
Fighting       | 2 3 4 5 7 9 11 13 15 16 17 18 19 20 21 22 | 22.0
Armour         | 1 2 3 4 6 8 10 12 14 15 16 17 18 19 20 22 23 24 | 24.9
Invocations    | 1 2 3 4 6 9 10 12 13 15 19 | 19.9
Dodging        | 4 6 8 9 10 12 14 15 17 | 17.6
Throwing       | 1 3 4 |  4.0
Shields        | 5 7 |  7.0
Bows           | 4 8 10 12 14 15 16 18 19 20 | 20.0
Evocations     | 4 6 8 9 11 15 | 15.1

Action                   |  1- 3 |  4- 6 |  7- 9 | 10-12 | 13-15 | 16-18 | 19-21 | 22-24 | 25-27 || total
-------------------------+-------+-------+-------+-------+-------+-------+-------+-------+-------++-------
Melee: Hand axe          |    44 |   185 |   399 |   316 |       |       |       |       |       ||   944
       Punch             |       |     2 |     9 |     6 |    37 |    11 |     7 |     1 |       ||    73
       War axe           |       |       |       |   431 |  1366 |   678 |   128 |    41 |       ||  2644
       Unarmed           |       |       |       |       |       |     6 |       |       |       ||     6
       Executioner's axe |       |       |       |       |       |   392 |   758 |   730 |  1433 ||  3313
 Fire: Longbow           |       |       |       |       |    53 |   177 |    79 |   184 |   268 ||   761
Throw: Boomerang         |       |       |       |     7 |       |       |       |       |       ||     7
       Throwing net      |       |       |       |       |       |       |     1 |       |       ||     1
Invok: Heroism           |       |       |     4 |    14 |    13 |    16 |    11 |     6 |    20 ||    84
       Finesse           |       |       |       |     3 |     6 |     7 |     5 |     2 |     7 ||    30
Evoke: Wand              |       |       |       |    11 |     1 |       |       |       |     1 ||    13
       Phial of floods   |       |       |       |       |     1 |       |       |       |       ||     1
       Tin of tremorston |       |       |       |       |       |       |     2 |     2 |     3 ||     7
       Condenser vane    |       |       |       |       |       |       |     1 |     1 |     2 ||     4
  Use: Scroll            |     2 |       |     1 |    24 |     6 |    18 |     5 |    10 |    10 ||    76
       Potion            |       |     5 |       |     3 |       |     5 |     1 |     6 |     9 ||    29
 Stab: Invisible         |       |       |       |     7 |       |       |       |       |       ||     7
       Distracted        |       |       |       |       |       |     7 |    12 |     2 |       ||    21
       Confused          |       |       |       |       |       |       |     3 |       |       ||     3
Armor: Leather armour    |     7 |       |       |       |       |       |       |       |       ||     7
       Chain mail        |     5 |    86 |   246 |   287 |       |       |       |       |       ||   624
       Skin              |       |     9 |       |       |       |       |       |       |       ||     9
       Plate armour      |       |       |       |   155 |   155 |       |   106 |   523 |   454 ||  1393
       Crystal plate arm |       |       |       |       |   838 |   849 |    73 |       |   970 ||  2730
       Scale mail        |       |       |       |       |       |    63 |   347 |       |       ||   410
Dodge: Dodged            |    19 |    58 |   164 |   299 |   419 |   869 |   631 |   380 |  1043 ||  3882
       Repelled          |       |       |       |       |     5 |    23 |    12 |    16 |     7 ||    63
Block: Kite shield       |       |       |       |    91 |    53 |       |       |       |       ||   144
       Buckler           |       |       |       |     6 |       |       |       |       |       ||     6
